 Dungeon Crawl Stone Soup version 0.31.0-11-ge490571c62 (webtiles) character file.

Game seed: 17399359402294400834

314 qw the Shooter (level 6, -2/31 HPs)
             Began as a Spriggan Hunter on Feb 3, 2024.
             Was an Initiate of Okawaru.
             Slain by Duvessa
             ... wielding a +1 short sword of speed
              (11 damage)
             ... on level 4 of the Dungeon.
             The game lasted 00:00:12 (2354 turns).

qw the Shooter (Spriggan Hunter)                    Turns: 2354, Time: 00:00:12

Health: -2/31      AC:  2    Str:  7    XL:     6   Next: 19%
Magic:  7/7        EV: 20    Int: 11    God:    Okawaru [......]
Gold:   23         SH:  0    Dex: 20    Spells: 5/5 levels left

rFire   . . .        a - +4 shortbow
rCold   . . .        (shield currently unavailable)
rNeg    . . .        c - +0 robe
rPois   .            (helmet restricted)
rElec   .            (no cloak)
rCorr   .            (gloves unavailable)
SInv    +            (boots unavailable)
Will    +....        (no amulet)
Stlth   ++           (no ring)
HPRegen 0.25/turn    (no ring)
MPRegen 0.10/turn

%: no passive effects
@: very quick
A: very small, no large weapons, unfitting armour, see invisible, speed 3
a: Renounce Religion


You were on level 4 of the Dungeon.
You worshipped Okawaru.
Okawaru was noncommittal.
You visited 2 branches of the dungeon, and saw 5 of its levels.

You collected 248 gold pieces.
You spent 225 gold pieces at shops.


Innate Abilities, Weirdness & Mutations

You are very small and have problems with some larger weapons.
You are too small for most types of armour.
You have supernaturally acute eyesight. (SInv)
You cover ground extremely quickly. (Speed+++)


   Skills:
 - Level 2.3 Fighting
 - Level 6.2 Ranged Weapons
 + Level 5.3 Dodging
 - Level 1.5 Stealth


You had 5 spell levels left.
You didn't know any spells.
Your spell library was empty.

Inventory:

Hand Weapons
 a - a +4 shortbow (weapon)
Armour
 c - a +0 robe (worn)
Potions
 e - a potion of enlightenment
 g - a potion of curing {unknown}
 h - 2 potions of might
 i - a potion of lignification {unknown}
 k - a potion of degeneration {unknown}
 l - a potion of heal wounds {unknown}

Dungeon Overview and Level Annotations

Branches:
Dungeon (4/15)             Temple (1/1) D:4

Altars:
Ashenzari
Cheibriados
Dithmenos
Elyvilon
Gozag
Hepliaklqana
Kikubaaqudgha
Makhleb
Nemelex Xobeh
Okawaru
Ru
Vehumet
Wu Jian
Xom
Yredelemnul
Zin
The Shining One

Shops:
D:3 [   D:4 ?

Annotations:
D:4 Dowan, Duvessa


Message History

Enter note: You now have enough gold to buy a scroll of identify on this level.
You can access your shopping list by pressing '$'.
You now have 23 gold pieces (gained 14).
An endoplasm comes into view.
You shoot an arrow. The arrow barely misses the endoplasm.
The endoplasm quivers.
You shoot an arrow. The arrow hits the endoplasm!
You kill the endoplasm!
Okawaru accepts your kill.
Found a stone staircase leading up.
Enter note:
Enter note:
Enter note:
Found a stone staircase leading down.
There is a stone staircase leading down here.
Duvessa and Dowan come into view.
Duvessa is wielding a +1 short sword of speed.
You shoot an arrow.
The arrow hits Duvessa but does no damage.
Duvessa shouts!
Dowan shouts!
Dowan casts a spell at you. The puff of frost hits you!
You shoot an arrow.
The arrow hits Duvessa but does no damage.
You shoot an arrow. The arrow barely misses Duvessa.
The arrow closely misses Dowan.
Duvessa hits you but does no damage. Duvessa barely misses you.
You shoot an arrow. The arrow barely misses Duvessa.
Duvessa misses you.
You shoot an arrow. The arrow hits Duvessa.
Duvessa is lightly wounded.
Duvessa hits you with a +1 short sword of speed!
Duvessa hits you with a +1 short sword of speed.
You shoot an arrow. The arrow hits Duvessa!
Duvessa is heavily wounded.
Dowan closely misses you.
Duvessa hits you with a +1 short sword of speed!
You die...

..#.#.#.#.........####
?..................####
.........##............
......#.##.......####.
#.......###.########.
#.......# #..........
#.......###..........
#....#.###...........
#..e@.....>#.........
#..e########.........
#... ......... #...
######### ####


You could see Duvessa and Dowan.

Vanquished Creatures
  An ogre (D:4)
  A jelly (D:4)
  An iguana (D:4)
  An orc wizard (D:3)
  Robin (D:4)
  5 adders
  A dart slug (D:1)
  A ribbon worm (D:3)
  3 orcs (D:3)
  3 bats
  11 endoplasms
  2 giant cockroaches
  13 hobgoblins
  10 kobolds
  2 quokkas (D:1)
  6 ball pythons
  6 frilled lizards
  17 goblins
  3 rats
88 creatures vanquished.

Notes
Turn   | Place    | Note
-------+----------+-------------------------------------------
     0 | D:1      | qw the Spriggan Hunter began the quest for the Orb.
     0 | D:1      | Reached XP level 1. HP: 10/10 MP: 2/2
     0 | D:1      | 0 ||| qw: Version: 0.3-a-157-g843a77d
     0 | D:1      | 0 ||| qw: Game counter: 3820
     0 | D:1      | 0 ||| qw: Melee chars always use a shield: true
     0 | D:1      | 0 ||| qw: God list: Okawaru
     0 | D:1      | 0 ||| qw: Allow faded altars: false
     0 | D:1      | 0 ||| qw: Do Orc after clearing Dungeon:15 true
     0 | D:1      | 0 ||| qw: Do second Lair branch before Depths: true
     0 | D:1      | 0 ||| qw: Lair rune preference: random
     0 | D:1      | 0 ||| qw: Goals: Normal
     0 | D:1      | 0 ||| PLANNING D:1-11
    14 | D:1      | Reached skill level 3 in Dodging
   149 | D:1      | Reached XP level 2. HP: 8/14 MP: 3/3
   837 | D:1      | 837 ||| DROPPING ring of flight.
   838 | D:1      | 838 ||| READING scroll labelled JOGROJI LYUSKI.
   839 | D:1      | 839 ||| READING 2 scrolls labelled DUPHER MOT.
   839 | D:1      | 839 ||| IDENTIFYING bubbling emerald potion
   840 | D:1      | 840 ||| READING scroll of identify.
   840 | D:1      | 840 ||| IDENTIFYING pink potion
   841 | D:1      | 841 ||| DRINKING 3 murky dark potions.
   842 | D:1      | 842 ||| DROPPING scroll of butterflies.
   843 | D:1      | 843 ||| DROPPING potion of magic.
   874 | D:2      | 874 ||| RETREEEEATING.
   880 | D:2      | Reached XP level 3. HP: 18/18 MP: 4/4
  1001 | D:2      | Reached skill level 5 in Ranged Weapons
  1104 | D:2      | Reached XP level 4. HP: 22/22 MP: 5/5
  1208 | D:2      | 1208 ||| READING scroll of identify.
  1208 | D:2      | 1208 ||| IDENTIFYING fizzy white potion
  1209 | D:2      | 1209 ||| READING scroll labelled TIUCZI GIYK.
  1210 | D:2      | 1210 ||| READING scroll labelled SOP UTREL MU XIPP.
  1214 | D:2      | 1214 ||| READING scroll labelled IGANKU VINIRPHA.
  1214 | D:2      | 1214 ||| ENCHANTING +0 shortbow.
  1541 | D:3      | Found Waurph's Armour Shoppe.
  1857 | D:3      | Reached XP level 5. HP: 16/27 MP: 6/6
  1858 | D:3      | 1858 ||| FLEEEEING.
  1859 | D:3      | 1859 ||| FLEEEEING.
  1860 | D:3      | 1860 ||| FLEEEEING.
  1861 | D:3      | 1861 ||| FLEEEEING.
  1862 | D:3      | 1862 ||| FLEEEEING.
  1863 | D:3      | 1863 ||| FLEEEEING.
  1864 | D:3      | 1864 ||| FLEEEEING.
  1865 | D:3      | 1865 ||| FLEEEEING.
  1866 | D:3      | 1866 ||| FLEEEEING.
  1867 | D:3      | 1867 ||| FLEEEEING.
  1868 | D:3      | 1868 ||| FLEEEEING.
  1869 | D:3      | 1869 ||| FLEEEEING.
  1872 | D:3      | 1872 ||| FLEEEEING.
  1873 | D:3      | 1873 ||| FLEEEEING.
  1874 | D:3      | 1874 ||| FLEEEEING.
  1875 | D:3      | 1875 ||| FLEEEEING.
  1876 | D:3      | 1876 ||| FLEEEEING.
  1879 | D:3      | 1879 ||| FLEEEEING.
  1882 | D:3      | 1882 ||| FLEEEEING.
  1883 | D:3      | 1883 ||| FLEEEEING.
  1884 | D:3      | 1884 ||| FLEEEEING.
  1885 | D:3      | 1885 ||| FLEEEEING.
  1886 | D:3      | 1886 ||| FLEEEEING.
  1887 | D:3      | 1887 ||| FLEEEEING.
  1888 | D:3      | 1888 ||| FLEEEEING.
  1889 | D:3      | 1889 ||| FLEEEEING.
  1890 | D:3      | 1890 ||| FLEEEEING.
  2024 | D:3      | 2024 ||| READING scroll of identify.
  2024 | D:3      | 2024 ||| IDENTIFYING sedimented coppery potion
  2025 | D:3      | 2025 ||| READING scroll labelled GOSIESM MUPHOD.
  2026 | D:3      | 2026 ||| DROPPING potion of ambrosia.
  2056 | D:4      | Found a staircase to the Ecumenical Temple.
  2057 | D:4      | 2057 ||| PLANNING TEMPLE
  2066 | Temple   | Entered the Ecumenical Temple
  2067 | Temple   | 2067 ||| PLANNING OKAWARU WORSHIP
  2072 | Temple   | Became a worshipper of Warmaster Okawaru
  2073 | Temple   | 2073 ||| PLANNING D:1-11
  2156 | D:4      | Noticed an ogre
  2157 | D:4      | 2157 ||| DRINKING potion of haste.
  2164 | D:4      | Killed an ogre
  2165 | D:4      | Reached skill level 6 in Ranged Weapons
  2165 | D:4      | Reached XP level 6. HP: 31/31 MP: 7/7
  2193 | D:4      | Noticed Robin
  2208 | D:4      | Killed Robin
  2209 | D:4      | 2209 ||| FLEEEEING.
  2210 | D:4      | 2210 ||| FLEEEEING.
  2214 | D:4      | 2214 ||| FLEEEEING.
  2215 | D:4      | 2215 ||| FLEEEEING.
  2216 | D:4      | 2216 ||| FLEEEEING.
  2220 | D:4      | 2220 ||| FLEEEEING.
  2241 | D:4      | Found Yqiplar's Magic Scroll Emporium.
  2250 | D:4      | 2250 ||| BUYING 2 scrolls of enchant weapon (150 gold).
  2250 | D:4      | Bought 2 scrolls of enchant weapon for 150 gold pieces
  2250 | D:4      | 2250 ||| BUYING scroll of enchant weapon (75 gold).
  2250 | D:4      | Bought a scroll of enchant weapon for 75 gold pieces
  2250 | D:4      | 2250 ||| SHOPLISTING scroll of identify (20 gold, have 3).
  2250 | D:4      | 2250 ||| SHOPLISTING scroll of teleportation (30 gold, have
                  | 3).
  2250 | D:4      | 2250 ||| READING 3 scrolls of enchant weapon.
  2250 | D:4      | 2250 ||| ENCHANTING +1 shortbow.
  2251 | D:4      | 2251 ||| READING 2 scrolls of enchant weapon.
  2251 | D:4      | 2251 ||| ENCHANTING +2 shortbow.
  2252 | D:4      | 2252 ||| READING scroll of enchant weapon.
  2252 | D:4      | 2252 ||| ENCHANTING +3 shortbow.
  2348 | D:4      | Noticed Duvessa
  2348 | D:4      | Noticed Dowan
  2354 | D:4      | Slain by Duvessa

Levels and vault maps discovered:
D:1:      erik_arrival_blinker_ship, layout_basic, minmay_misc_feat_tiny,
          chequers_serial_rivers_large_b
D:2:      layout_rooms
D:3:      layout_basic, serial_shops, shop
D:4:      layout_basic, nicolae_qazlal_beasts_of_the_sky,
          minmay_temple_entry_tees, serial_shops, shop, lemuel_flame_loot_1,
          uniq_duvessa, uniq_pikel, uniq_robin
Temple:   nicolae_temple_bog_church

Skill      XL: |  1  2  3  4  5 |
---------------+----------------+-----
Dodging        | 3 4 5 |  5.3
Ranged Weapons | 5 6 |  6.2
Fighting       | 2 |  2.3
Stealth        | |  1.5

Action                     |  1- 3 |  4- 6 || total
---------------------------+-------+-------++-------
   Fire: Shortbow          |   123 |   103 ||   226
    Use: Scroll            |     3 |     9 ||    12
         Potion            |     1 |     1 ||     2
 Armour: Robe              |     7 |    13 ||    20
  Dodge: Dodged            |    39 |    11 ||    50

Table legend:
 A = Non-vault XP
 B = Vault XP
 C = Vault XP percentage of total XP
 D = Non-vault monster count
 E = Vault monster count
 F = Vault count percentage of total count
                 A         B        C        D         E       F
            +---------+---------+-------+---------+---------+-------
      Total |     413 |      36 |   8.0 |      77 |      11 |  12.5
            +---------+---------+-------+---------+---------+-------
        D:1 |      39 |       0 |   0.0 |      22 |       0 |   0.0
        D:2 |      74 |       0 |   0.0 |      25 |       0 |   0.0
        D:3 |      88 |       0 |   0.0 |      23 |       0 |   0.0
        D:4 |     212 |      36 |  14.5 |       7 |      11 |  61.1
            +---------+---------+-------+---------+---------+-------
